 Dungeon Crawl Stone Soup version 0.19.5 (console) character file.

4183 Grinner the Carver (level 10, -7/77 HPs)
             Began as a Minotaur Monk on Mar 13, 2017.
             Was an Initiate of Gozag.
             Killed by divine providence
             ... invoked by an orc priest
              (17 damage)
             ... on level 8 of the Dungeon.
             The game lasted 00:18:23 (7348 turns).

Grinner the Carver (Minotaur Monk)                  Turns: 7348, Time: 00:18:24

Health: -7/77      AC: 13    Str: 16      XL:     10   Next: 8%
Magic:  9/9        EV:  6    Int:  8 (10) God:    Gozag
Gold:   378        SH:  4    Dex: 13 (16) Spells: 0 memorised, 9 levels left

rFire  . . .     SeeInvis .     a - +2 long sword
rCold  + . .     Gourm    .     v - +0 plate armour {rC+}
rNeg   . . .     Faith    .     D - +0 buckler
rPois  .         Spirit   .     (helmet restricted)
rElec  .         Reflect  .     (no cloak)
rCorr  .         Harm     .     k - +0 pair of gloves
MR     .....                    (no boots)
Stlth  ..........               (no amulet)
                                (no ring)
                                z - +3 ring of intelligence

@: heavily drained
A: retaliatory headbutt, claws 1, horns 2, yellow scales 1, deterioration 1,
subdued magic 1
a: Potion Petition, Call Merchant, Bribe Branch, Renounce Religion


You were on level 8 of the Dungeon.
You worshipped Gozag.
Gozag was aware of your devotion.
You were hungry.

You visited 2 branches of the dungeon, and saw 9 of its levels.
You also visited: Ossuary.

You collected 1091 gold pieces.
You paid 713 gold pieces to Gozag.

Inventory:

Hand Weapons
 a - a +2 long sword (weapon)
 m - a +2 dagger of venom
Armour
 b - a +0 robe
 k - a +0 pair of gloves (worn)
 v - a +0 plate armour of cold resistance (worn)
 D - a +0 buckler (worn)
Jewellery
 z - a +3 ring of intelligence (left hand)
Wands
 h - a wand of flame (18/48)
 i - a wand of flame (28/48)
 o - a wand of iceblast (12/15)
Scrolls
 e - 2 scrolls of enchant weapon {unknown}
 j - 5 scrolls of teleportation
 l - 2 scrolls of blinking {unknown}
 n - 3 scrolls of enchant armour {unknown}
 p - 4 scrolls of fog {unknown}
 q - a scroll of remove curse
 r - 8 scrolls of identify
 s - 3 scrolls of recharging {unknown}
 y - a scroll of fear {unknown}
 B - 6 scrolls of magic mapping
Potions
 f - a potion of magic
 g - a potion of agility
 A - a potion of flight
Comestibles
 c - 4 bread rations
 d - 23 fruits
 t - 4 royal jellies
 u - 6 slices of pizza
 x - 2 beef jerkies


   Skills:
 - Level 3.6(1.8) Fighting
 * Level 13.5(11.2) Long Blades
 + Level 9.5(7.4) Dodging
 - Level 1.5(0.0) Stealth
 - Level 4.7(2.9) Shields


You had 9 spell levels left.
You didn't know any spells.

Dungeon Overview and Level Annotations

Branches:
Dungeon (8/15)             Temple (1/1) D:4
   Lair: D:8-11

Altars:
Ashenzari
Cheibriados
Dithmenos
Elyvilon
Fedhas
Gozag
Hepliaklqana
Kikubaaqudgha
Makhleb
Nemelex Xobeh
Okawaru
Qazlal
Ru
Sif Muna
Trog
Uskayaw
Vehumet
Xom
Yredelemnul
Zin
The Shining One

Annotations:
D:5 Dowan
D:8 exclusion: 2 doors


Innate Abilities, Weirdness & Mutations

You reflexively headbutt those who attack you in melee.
You have a pair of horns on your head.
You have sharp fingernails.
You are partially covered in yellow scales. (AC +2)
Your body sometimes deteriorates upon taking damage.
Your spells are a little easier to cast, but a little less powerful.


Message History

The orc priest looks braver for a moment.
The orc warrior hits you with an enchanted battleaxe.
The orc is no longer distracted by gold.
Items here: )) [[ a +0 falchion; a robe; an enchanted flail; a robe
Things that are here:
an enchanted scimitar; a robe The orc warrior closely misses you.
The orc priest calls down the wrath of Beogh upon you.
Beogh smites you!
* * * LOW HITPOINT WARNING * * *
Your body deteriorates!
You feel clumsy.
The wight hits you with an enchanted great sword!
* * * LOW HITPOINT WARNING * * *
You feel drained.
* * * LOW HITPOINT WARNING * * *
The orc priest mumbles some strange prayers to Beogh against you.
Beogh smites you!
You die...
Your body crumbles into a pile of gold.

#...o.....####.....##........#
....o...$##........####.#....##
.......o.##...........#.#......
...#...o.##.....###.....##+#.##
......##........###.....##.#'#<
#.#+###..oZ.............##.....
# ....#..)...###....###.##.....
.........oo.......# #.#......
.......#.Kzo@.##### #.#.#....
.......#)o....# #.#.#....
####...#...#### .#.##...
#...#...# #.##.## #...#...#
#.##.## ######### #....#.
#######


You could see an orc warrior, a wight, 2 orc priests, an orc wizard, 3 orcs, a
kobold and a bullfrog skeleton.

Vanquished Creatures
  The ghost of bande the Cleaver, a novice MiFi (D:6)
  2 dream sheep (D:8)
  The ghost of dialectric the Slasher, an amateur GrFi of the Shining One (D:5)
  2 yaks (D:8)
  Eustachio (D:5)
  The ghost of FelipeSwartz the Magician, an amateur DsWn of Okawaru (D:4)
  Edmund (D:6)
  Duvessa (D:5)
  2 orc warriors (D:8)
  A phantom (D:4)
  An ogre (D:7)
  A centaur (D:6)
  2 big kobolds (D:8)
  A bullfrog (D:7)
  3 elf zombies
  3 elf skeletons (D:5)
  3 scorpions
  4 wights (D:8)
  3 killer bees (D:7)
  2 howler monkeys
  2 centaur zombies (Ossuary)
  A bullfrog zombie (D:5)
  2 hounds
  A human zombie (Ossuary)
  5 orc priests
  3 iguanas
  4 orc wizards
  5 worker ants
  A big kobold zombie (Ossuary)
  2 mummies (Ossuary)
  9 adders
  2 oozes
  2 adder zombies (Ossuary)
  An adder skeleton (D:4)
  2 worms (D:3)
  8 leopard geckos
  27 orcs
  2 ball pythons
  7 giant cockroaches
  5 goblins
  5 hobgoblins
  5 jackals
  A quokka (D:3)
  2 bats
  3 frilled lizards
  14 hobgoblin zombies (Ossuary)
  A jackal zombie (Ossuary)
  5 kobolds
  3 kobold zombies (Ossuary)
  An orc skeleton (D:5)
  10 orc zombies
  A quokka skeleton (D:7)
  6 rats
184 creatures vanquished.

Notes
Turn   | Place    | Note
-------+----------+-------------------------------------------
     0 | D:1      | Grinner the Minotaur Monk began the quest for the Orb.
     0 | D:1      | Reached XP level 1. HP: 19/19 MP: 0/0
   187 | D:1      | Reached skill level 4 in Long Blades
   218 | D:1      | Reached XP level 2. HP: 22/26 MP: 1/1
   737 | D:2      | Reached XP level 3. HP: 23/31 MP: 2/2
  1070 | D:2      | Reached skill level 5 in Long Blades
  1375 | D:3      | Reached XP level 4. HP: 39/39 MP: 3/3
  1622 | D:3      | Reached skill level 6 in Long Blades
  1622 | D:3      | Reached XP level 5. HP: 45/45 MP: 4/4
  1640 | D:3      | HP: 1/45 [orc priest/divine providence (16)]
  2029 | D:3      | Reached skill level 5 in Dodging
  2242 | D:4      | Reached XP level 6. HP: 47/51 MP: 5/5
  2278 | D:4      | Noticed FelipeSwartz's ghost (amateur DsWn)
  2282 | D:4      | Gained mutation: You are surrounded by a mild repulsion field. (EV +2) [potion of beneficial mutation]
  2338 | D:4      | Reached skill level 7 in Long Blades
  2343 | D:4      | Killed FelipeSwartz's ghost
  2652 | D:4      | Found a staircase to the Ecumenical Temple.
  2673 | D:4      | Reached skill level 8 in Long Blades
  2673 | D:4      | Reached XP level 7. HP: 57/57 MP: 6/6
  3109 | D:4      | Reached skill level 1 in Shields
  3114 | Temple   | Entered the Ecumenical Temple
  3410 | Temple   | Became a worshipper of Gozag Ym Sagoz the Greedy
  3491 | D:5      | Entered Level 5 of the Dungeon
  3495 | D:5      | Noticed dialectric's ghost (amateur GrFi)
  3536 | D:5      | HP: 2/57 [dialectric's ghost (13)]
  3540 | D:5      | Lost mutation: You are surrounded by a mild repulsion field. (EV +2) [potion of cure mutation]
  3553 | D:5      | Gained mutation: You have sharp fingernails. [potion of mutation]
  3553 | D:5      | Gained mutation: Your spells are a little easier to cast, but a little less powerful. [potion of mutation]
  3553 | D:5      | Gained mutation: You are partially covered in yellow scales. (AC +2) [potion of mutation]
  3555 | D:5      | Gained mutation: Your body sometimes deteriorates upon taking damage. [potion of mutation]
  3567 | D:5      | Killed dialectric's ghost
  3671 | D:5      | Reached skill level 9 in Long Blades
  3690 | D:5      | Found a sand-covered staircase.
  3699 | D:5      | Reached XP level 8. HP: 25/64 MP: 7/7
  3953 | Ossuary  | Entered an ossuary
  4381 | D:5      | Found an iron altar of Okawaru.
  4381 | D:5      | Noticed Duvessa
  4381 | D:5      | Noticed Dowan
  4412 | D:5      | Killed Duvessa
  4412 | D:5      | Reached skill level 10 in Long Blades
  4421 | D:5      | Noticed Eustachio
  4450 | D:5      | Killed Eustachio
  4823 | D:6      | Noticed bande's ghost (novice MiFi)
  4824 | D:6      | Noticed Edmund
  4836 | D:7      | Reached skill level 11 in Long Blades
  4874 | D:7      | Found a glowing golden altar of the Shining One.
  4884 | D:7      | Reached XP level 9. HP: 70/70 MP: 8/8
  5696 | D:6      | Killed Edmund
  5705 | D:6      | Killed bande's ghost
  5705 | D:6      | Reached skill level 12 in Long Blades
  6331 | D:8      | Reached skill level 13 in Long Blades
  6722 | D:8      | Reached XP level 10. HP: 73/77 MP: 9/9
  7074 | D:8      | Noticed a three-headed hydra
  7348 | D:8      | Killed from afar by an orc priest

Skill      XL: |  1  2  3  4  5  6  7  8  9 |
---------------+----------------------------+-----
Long Blades    | 4 5 6 8 9 11 13 | 13.5
Dodging        | 4 5 6 7 9 |  9.5
Shields        | 3 4 |  4.7
Fighting       | |  3.6
Stealth        | |  1.5

Action                   |  1- 3 |  4- 6 |  7- 9 | 10-12 || total
-------------------------+-------+-------+-------+-------++-------
Melee: Falchion          |    16 |    49 |   479 |    68 ||   612
       Headbutt          |    10 |    31 |   116 |    21 ||   178
       Dagger            |    28 |   118 |       |       ||   146
       Long sword        |       |       |       |     5 ||     5
Invok: Potion Petition   |       |       |     2 |     1 ||     3
  Use: Potion            |       |     9 |    17 |       ||    26
       Scroll            |       |       |     4 |       ||     4
 Stab: Sleeping          |     3 |     3 |     3 |       ||     9
       Distracted        |       |     1 |     7 |       ||     8
       Invisible         |       |     1 |     7 |       ||     8
  Eat: Chunk             |       |     4 |       |       ||     4
       Meat ration       |       |     1 |       |       ||     1
       Royal jelly       |       |       |     1 |       ||     1
       Pizza             |       |       |     1 |       ||     1
       Bread ration      |       |       |     2 |       ||     2
Armor: Robe              |     7 |     9 |    47 |     2 ||    65
       Skin              |       |    32 |    16 |       ||    48
       Plate armour      |       |       |       |     3 ||     3
Dodge: Dodged            |    28 |    83 |   224 |    26 ||   361
Block: Buckler           |       |       |    71 |     7 ||    78
       Rpst.: Falchion   |     2 |     8 |    64 |     4 ||    78
       Long sword        |       |       |       |     1 ||     1
